[Event "British Columbia-ch Seniors"]
[Site "chess.com"]
[Date "2020.06.14"]
[Round "3.9"]
[White "Enns, Edward"]
[Black "Jillings, Duncan"]
[Result "0-1"]
[ECO "E93"]
[WhiteElo "824"]
[BlackElo "1603"]
[PlyCount "76"]
[EventDate "2020.06.12"]
[EventType "swiss"]
[EventRounds "5"]
[EventCountry "CAN"]
[TimeControl "5400+30"]

1. d4 Nf6 2. c4 g6 3. Nc3 Bg7 4. Bg5 d6 5. Nf3 O-O 6. e4 Nbd7 7. Be2 e5 8. d5
a5 9. Bd3 Nc5 10. O-O Bg4 11. h3 Bd7 12. Re1 Qc8 13. Bxf6 Bxf6 14. Nh2 Bg7 15.
Be2 f5 16. f3 Kh8 17. Qc2 Rg8 18. b3 Qe8 19. Bd3 Qf7 20. Rf1 Bh6 21. Rae1 Raf8
22. Kh1 Qe7 23. Rf2 Qh4 24. Nf1 Nxd3 25. Qxd3 Qxf2 26. Qe2 Qxe2 27. Rxe2 fxe4
28. Nxe4 Bxh3 29. gxh3 Rxf3 30. Kg2 Rgf8 31. Nh2 R3f4 32. Rf2 Rxe4 33. Rxf8+
Bxf8 34. Nf3 Re2+ 35. Kg3 Bh6 36. a4 Bf4+ 37. Kh4 Rg2 38. Ne1 Bg5# 0-1

[Event "British Columbia-ch Seniors"]
[Site "chess.com"]
[Date "2020.06.14"]
[Round "3.12"]
[White "Diemecke, Pablo"]
[Black "Pangilinan, Emmanuel"]
[Result "1-0"]
[ECO "C61"]
[WhiteElo "1684"]
[BlackElo "1601"]
[PlyCount "115"]
[EventDate "2020.06.12"]
[EventType "swiss"]
[EventRounds "5"]
[EventCountry "CAN"]
[TimeControl "5400+30"]

1. e4 e5 2. Nf3 Nc6 3. Bb5 Nd4 4. Ba4 Bc5 5. c3 Nxf3+ 6. Qxf3 Qf6 7. Qe2 c6 8.
O-O Ne7 9. Kh1 Ng6 10. d3 d6 11. f4 exf4 12. d4 Bb6 13. g3 Bh3 14. Rf2 O-O-O
15. Bxf4 Nxf4 16. Rxf4 Qg5 17. Nd2 h5 18. Qf2 f6 19. Nf3 Qg6 20. Bc2 Qe8 21.
Ng1 Bg4 22. h3 Bd7 23. Qe2 Bc7 24. Rf3 Qe7 25. Re1 Rdf8 26. Qf2 Rh6 27. a4 g5
28. Qe3 Qg7 29. Rf2 h4 30. g4 Rhh8 31. b4 d5 32. e5 fxe5 33. Rxf8+ Rxf8 34.
dxe5 Re8 35. Nf3 Bb6 36. Qxg5 Qf7 37. Bf5 d4 38. cxd4 Qd5 39. Bxd7+ Kxd7 40.
Qf5+ Re6 41. Re4 Bd8 42. g5 Kc7 43. a5 Qa2 44. Rxh4 Qa1+ 45. Ng1 Re7 46. g6 Qa2
47. Rh7 Qd5+ 48. Nf3 Qc4 49. Rxe7+ Bxe7 50. Kg2 Qe2+ 51. Kg3 Bxb4 52. Qf7+ Kc8
53. Qe6+ Kc7 54. Qf7+ Kc8 55. g7 Be1+ 56. Nxe1 Qxe1+ 57. Qf2 Qc3+ 58. Kh4 1-0

[Event "British Columbia-ch Seniors"]
[Site "chess.com"]
[Date "2020.06.14"]
[Round "3.14"]
[White "Martin, Andrew"]
[Black "Batisse, Norman"]
[Result "1-0"]
[ECO "C50"]
[WhiteElo "1542"]
[BlackElo "1127"]
[PlyCount "83"]
[EventDate "2020.06.12"]
[EventType "swiss"]
[EventRounds "5"]
[EventCountry "CAN"]
[TimeControl "5400+30"]

1. e4 e5 2. Nf3 Nc6 3. Bc4 d6 4. h3 Na5 5. Bb3 Nxb3 6. axb3 Be6 7. c3 Be7 8.
O-O Bf6 9. d3 Ne7 10. Be3 c5 11. Nbd2 O-O 12. Qc2 Nc6 13. Rfe1 h6 14. Nf1 b6
15. Ng3 Qd7 16. c4 Nb4 17. Qd2 a5 18. Ne2 Be7 19. Nc3 Bd8 20. Nd5 Nc6 21. Qe2
f5 22. Bd2 f4 23. b4 Nd4 24. Nxd4 cxd4 25. f3 Qf7 26. bxa5 bxa5 27. b4 Qg6 28.
bxa5 Bxh3 29. a6 Ra7 30. Reb1 Rff7 31. Rb8 Rfd7 32. Nb6 Re7 33. Rxd8+ Kh7 34.
Nd5 Rf7 35. Bb4 Qg5 36. Rxd6 Rfb7 37. Bc5 Ra8 38. a7 Bc8 39. Rb6 Raxa7 40. Rxa7
Rxa7 41. Rxh6+ Qxh6 42. Bxa7 1-0

[Event "British Columbia-ch Seniors"]
[Site "chess.com"]
[Date "2020.06.14"]
[Round "4.1"]
[White "Morgan, Scott"]
[Black "Hoshizaki, Dale"]
[Result "0-1"]
[ECO "C56"]
[WhiteElo "1880"]
[BlackElo "1877"]
[PlyCount "92"]
[EventDate "2020.06.12"]
[EventType "swiss"]
[EventRounds "5"]
[EventCountry "CAN"]
[TimeControl "5400+30"]

1. e4 e5 2. Nf3 Nc6 3. d4 exd4 4. Bc4 Nf6 5. O-O Nxe4 6. Nc3 dxc3 7. Bxf7+ Kxf7
8. Qd5+ Ke8 9. Re1 Be7 10. Rxe4 d6 11. Bg5 Kf8 12. Rae1 Bf6 13. Rf4 Ne7 14.
Rxf6+ gxf6 15. Bh6+ Ke8 16. Bg7 Rf8 17. Qe4 Qd7 18. Bxf8 Kxf8 19. Qxh7 Ng8 20.
Qe4 d5 21. Qf4 Qd6 22. Qe3 Bd7 23. Qxc3 Re8 24. Rxe8+ Bxe8 25. Qd3 Ne7 26. Qh7
Ng8 27. h4 Qe7 28. Qf5 Qe4 29. Qc8 Qxc2 30. Qxb7 Qc5 31. b4 Qb6 32. Qxd5 Qxb4
33. Nd4 Ne7 34. Ne6+ Kg8 35. Qd8 Qe1+ 36. Kh2 Qxe6 37. Qxe8+ Kg7 38. h5 c5 39.
g3 c4 40. f4 c3 41. f5 Qe2+ 42. Kh3 c2 43. h6+ Kxh6 44. g4 Kg5 45. Qh5+ Kf4 46.
Qh6+ Kf3 0-1

[Event "British Columbia-ch Seniors"]
[Site "chess.com"]
[Date "2020.06.14"]
[Round "4.2"]
[White "Yang, Yi Feng"]
[Black "Ingram, Richard"]
[Result "1-0"]
[ECO "B56"]
[WhiteElo "1122"]
[BlackElo "1656"]
[PlyCount "83"]
[EventDate "2020.06.12"]
[EventType "swiss"]
[EventRounds "5"]
[EventCountry "CAN"]
[TimeControl "5400+30"]

1. e4 c5 2. Nc3 Nc6 3. Nf3 d6 4. h3 Nf6 5. d4 cxd4 6. Nxd4 e6 7. Bg5 a6 8. Nxc6
bxc6 9. Bd3 Be7 10. O-O O-O 11. Kh1 Rb8 12. Rb1 d5 13. e5 Nd7 14. Bxe7 Qxe7 15.
f4 f5 16. b3 Qb4 17. Na4 a5 18. Qe2 Ra8 19. c3 Qb8 20. c4 Ba6 21. cxd5 Bxd3 22.
Qxd3 cxd5 23. Rbc1 Rc8 24. Rxc8+ Qxc8 25. Kh2 Qc6 26. Qd2 Qb7 27. Rc1 Qa7 28.
Rc6 Nf8 29. Qc3 Qf2 30. Qf3 Qxa2 31. Nc5 Re8 32. Qh5 Re7 33. Qg5 Kf7 34. Nxe6
Nxe6 35. Qxf5+ Ke8 36. Rxe6 Qa3 37. Ra6 Rd7 38. Qxh7 Qf8 39. Ra8+ Rd8 40. Qg6+
Ke7 41. Ra7+ Rd7 42. Qd6+ 1-0

[Event "British Columbia-ch Seniors"]
[Site "chess.com"]
[Date "2020.06.14"]
[Round "4.3"]
[White "Swett, Graham"]
[Black "Bishop, Greg"]
[Result "1-0"]
[ECO "B50"]
[WhiteElo "1593"]
[BlackElo "1449"]
[PlyCount "99"]
[EventDate "2020.06.12"]
[EventType "swiss"]
[EventRounds "5"]
[EventCountry "CAN"]
[TimeControl "5400+30"]

1. e4 c5 2. Nf3 d6 3. b3 Nd7 4. Bb2 Ngf6 5. Nc3 a6 6. a4 b6 7. Bc4 Bb7 8. O-O
g6 9. Ng5 Ne5 10. Bd5 Bxd5 11. Nxd5 Bg7 12. f4 Ned7 13. Nxf6+ exf6 14. Qe1 O-O
15. Nf3 Re8 16. d3 d5 17. Rd1 Qc7 18. Nd2 Qc6 19. Qf2 b5 20. f5 g5 21. exd5
Qxd5 22. Ne4 Rac8 23. c4 Qc6 24. axb5 axb5 25. h4 h6 26. hxg5 hxg5 27. Qg3 Rb8
28. cxb5 Qd5 29. Nd6 Re2 30. d4 Rxb2 31. dxc5 Qxb3 32. Qxb3 Rxb3 33. c6 Nb6 34.
c7 Ra8 35. Ne4 Kh7 36. Rd8 Ra7 37. Rc1 Rxb5 38. Rb8 Rxc7 39. Rxc7 Rb1+ 40. Kh2
Rb4 41. Nxf6+ Bxf6 42. Rxf7+ Kh6 43. Rxf6+ Kh5 44. Rfxb6 Rh4+ 45. Kg1 Rf4 46.
Rh8+ Kg4 47. f6 Kg3 48. Rh3+ Kg4 49. Rf3 Rd4 50. f7 1-0

[Event "British Columbia-ch Seniors"]
[Site "chess.com"]
[Date "2020.06.14"]
[Round "4.4"]
[White "Jillings, Duncan"]
[Black "Kagaoan, Jose"]
[Result "0-1"]
[ECO "B07"]
[WhiteElo "1603"]
[BlackElo "1989"]
[PlyCount "108"]
[EventDate "2020.06.12"]
[EventType "swiss"]
[EventRounds "5"]
[EventCountry "CAN"]
[TimeControl "5400+30"]

1. e4 d6 2. d4 Nf6 3. Nc3 Nbd7 4. Bc4 c6 5. a4 e5 6. Nge2 g6 7. O-O Bg7 8. Ng3
O-O 9. Nce2 h5 10. f3 h4 11. Nh1 a5 12. Be3 Qe7 13. c3 d5 14. exd5 Nb6 15. d6
Qxd6 16. dxe5 Qxd1 17. Rfxd1 Nxc4 18. exf6 Nxe3 19. fxg7 Re8 20. Rd2 Nc4 21.
Rd4 Rxe2 22. Rxc4 Kxg7 23. b4 h3 24. Nf2 hxg2 25. Kxg2 Be6 26. Rd4 Rc2 27. Kg3
Rxc3 28. Ne4 Rb3 29. Nc5 Rxb4 30. Rxb4 axb4 31. Nxb7 b3 32. Nc5 b2 33. Rb1 Rb8
34. Nxe6+ fxe6 35. a5 Ra8 36. Rxb2 Rxa5 37. Rc2 c5 38. Rc4 Kf6 39. Kf4 e5+ 40.
Ke4 Ke6 41. h4 Rb5 42. Kd3 Kd5 43. Rg4 Rb6 44. f4 c4+ 45. Kc2 e4 46. Rg5+ Kd4
47. f5 gxf5 48. Rxf5 e3 49. Rf4+ Kd5 50. h5 Re6 51. Kd1 e2+ 52. Ke1 c3 53. Ra4
c2 54. Ra1 Rb6 0-1

[Event "British Columbia-ch Seniors"]
[Site "chess.com"]
[Date "2020.06.14"]
[Round "4.5"]
[White "Pitre, Hanniegn"]
[Black "Hack, Don"]
[Result "1-0"]
[ECO "B19"]
[WhiteElo "1905"]
[BlackElo "1210"]
[PlyCount "39"]
[EventDate "2020.06.12"]
[EventType "swiss"]
[EventRounds "5"]
[EventCountry "CAN"]
[TimeControl "5400+30"]

1. e4 c6 2. d4 d5 3. Nc3 dxe4 4. Nxe4 Bf5 5. Ng3 Bg6 6. Nf3 Nd7 7. h4 h6 8. h5
Bh7 9. Bd3 Bxd3 10. Qxd3 Ngf6 11. Be3 e6 12. O-O-O Ng4 13. Rhe1 Nxe3 14. Rxe3
Nf6 15. Ne5 Nd5 16. Nxf7 Qa5 17. Qg6 Nf4 18. Rxe6+ Nxe6 19. Qxe6+ Be7 20. Nd6+
1-0

[Event "British Columbia-ch Seniors"]
[Site "chess.com"]
[Date "2020.06.14"]
[Round "4.6"]
[White "Leblanc, Paul"]
[Black "Schwarz, Heiner"]
[Result "1-0"]
[ECO "D08"]
[WhiteElo "1739"]
[BlackElo "1490"]
[PlyCount "55"]
[EventDate "2020.06.12"]
[EventType "swiss"]
[EventRounds "5"]
[EventCountry "CAN"]
[TimeControl "5400+30"]

1. d4 d5 2. c4 e5 3. dxe5 d4 4. Nf3 Nc6 5. e3 Bg4 6. Be2 Bb4+ 7. Kf1 dxe3 8.
Bxe3 Qxd1+ 9. Bxd1 O-O-O 10. Nc3 Bxf3 11. Bxf3 Nxe5 12. Be2 Bxc3 13. bxc3 Nc6
14. g3 Nf6 15. Kg2 Rhe8 16. Rab1 Ne4 17. Rb3 a6 18. Rhb1 Nd2 19. Bg4+ Kb8 20.
Rxb7+ Ka8 21. Bxd2 Rxd2 22. Bf3 Rd6 23. Rxc7 Ree6 24. Rb6 a5 25. Bxc6+ Rxc6 26.
Rcxc6 Re2 27. Rc5 Ka7 28. Rbb5 1-0

[Event "British Columbia-ch Seniors"]
[Site "chess.com"]
[Date "2020.06.14"]
[Round "4.7"]
[White "Harris, Philip"]
[Black "Escandor, Manuel Omana"]
[Result "1-0"]
[ECO "D00"]
[WhiteElo "1623"]
[BlackElo "1820"]
[PlyCount "57"]
[EventDate "2020.06.12"]
[EventType "swiss"]
[EventRounds "5"]
[EventCountry "CAN"]
[TimeControl "5400+30"]

1. d4 d5 2. Nc3 Bf5 3. Bf4 a6 4. e3 e6 5. a3 Nf6 6. Bd3 Bg4 7. f3 Bh5 8. g4 Bg6
9. h4 Bxd3 10. Qxd3 h5 11. g5 Ng8 12. Nge2 Ne7 13. e4 dxe4 14. fxe4 Ng6 15. Bg3
Bd6 16. e5 Bf8 17. Ne4 Ne7 18. O-O-O Nbc6 19. c4 Nf5 20. Bf4 Qe7 21. Nc5 b6 22.
Qe4 Nfxd4 23. Nxd4 Qxc5 24. Nxc6 b5 25. Rd4 Rc8 26. Rhd1 Be7 27. b4 Qb6 28. Be3
bxc4 29. Nxe7 1-0

[Event "British Columbia-ch Seniors"]
[Site "chess.com"]
[Date "2020.06.14"]
[Round "4.8"]
[White "Bridger, Richard"]
[Black "Sly, Doug"]
[Result "0-1"]
[ECO "B01"]
[WhiteElo "1448"]
[BlackElo "1547"]
[PlyCount "56"]
[EventDate "2020.06.12"]
[EventType "swiss"]
[EventRounds "5"]
[EventCountry "CAN"]
[TimeControl "5400+30"]

1. e4 d5 2. exd5 Nf6 3. d4 Bg4 4. Nf3 Qxd5 5. Be2 e6 6. O-O c5 7. h3 Bh5 8. c4
Qd8 9. Qa4+ Qd7 10. Qxd7+ Nbxd7 11. Be3 Be7 12. Nc3 cxd4 13. Nxd4 Bxe2 14.
Ndxe2 a6 15. Rfd1 Rc8 16. b3 O-O 17. Rd3 Nc5 18. Rd2 Rfd8 19. Rad1 Rxd2 20.
Rxd2 h6 21. f3 Ncd7 22. Kf2 Bb4 23. Rd1 b5 24. Rc1 bxc4 25. Na4 Ne5 26. Nf4 Nd5
27. Ke2 Nxf4+ 28. Bxf4 Nd3 0-1

[Event "British Columbia-ch Seniors"]
[Site "chess.com"]
[Date "2020.06.14"]
[Round "4.9"]
[White "Martin, Andrew"]
[Black "Deimert, Elroy"]
[Result "1-0"]
[ECO "B01"]
[WhiteElo "1542"]
[BlackElo "1441"]
[PlyCount "95"]
[EventDate "2020.06.12"]
[EventType "swiss"]
[EventRounds "5"]
[EventCountry "CAN"]
[TimeControl "5400+30"]

1. e4 d5 2. exd5 Nf6 3. Nf3 Bg4 4. Be2 Qxd5 5. O-O Qh5 6. d4 e6 7. Be3 Bd6 8.
Nbd2 Nbd7 9. Re1 e5 10. Nf1 e4 11. N3d2 Bxe2 12. Qxe2 Qxe2 13. Rxe2 O-O-O 14.
c4 c6 15. c5 Bc7 16. b4 a6 17. a4 Rde8 18. Nc4 Re6 19. Rb2 Nd5 20. b5 f5 21.
Ra3 Nxe3 22. Nfxe3 f4 23. Nf5 Rd8 24. Nfd6+ Bxd6 25. Nxd6+ Rxd6 26. cxd6 Nb6
27. Rc2 Rxd6 28. a5 Rxd4 29. h3 Nc4 30. bxa6 bxa6 31. Rac3 Nxa5 32. Ra2 Rd5 33.
Rca3 Nc4 34. Rxa6 Kc7 35. Ra7+ Kd6 36. Rxg7 h5 37. Rg6+ Kc5 38. h4 Rd1+ 39. Kh2
e3 40. fxe3 fxe3 41. Re6 Rd2 42. Ra1 Kd5 43. Re8 Kc5 44. Re1 Kb4 45. Re4 Kc3
46. Rc1+ Kd3 47. Rexc4 e2 48. R1c3# 1-0

[Event "British Columbia-ch Seniors"]
[Site "chess.com"]
[Date "2020.06.14"]
[Round "4.10"]
[White "Dimitrijevic, Darko"]
[Black "Enns, Edward"]
[Result "1-0"]
[ECO "C77"]
[WhiteElo "1947"]
[BlackElo "824"]
[PlyCount "73"]
[EventDate "2020.06.12"]
[EventType "swiss"]
[EventRounds "5"]
[EventCountry "CAN"]
[TimeControl "5400+30"]

1. e4 e5 2. Nf3 Nc6 3. Bb5 a6 4. Ba4 Nf6 5. Nc3 b5 6. Bb3 Be7 7. a3 O-O 8. O-O
b4 9. axb4 Bxb4 10. Nd5 Nxe4 11. Nxb4 Nxb4 12. Nxe5 d6 13. Nxf7 Rxf7 14. Qf3
Nf6 15. Qxa8 d5 16. d3 Kh8 17. Bd2 c5 18. Bxb4 cxb4 19. Rxa6 Rf8 20. Ra5 d4 21.
Raa1 Qd6 22. Qf3 Ng4 23. Qg3 Qh6 24. Ra8 Nf6 25. Qd6 g5 26. Qxd4 Qg7 27. Re1 h5
28. Be6 Bb7 29. Rxf8+ Qxf8 30. Bd7 Kh7 31. Re6 Nd5 32. Qe4+ Kh8 33. Qe5+ Qg7
34. Re8+ Kh7 35. Bf5+ Kh6 36. Re6+ Nf6 37. Rxf6+ 1-0

[Event "British Columbia-ch Seniors"]
[Site "chess.com"]
[Date "2020.06.14"]
[Round "4.11"]
[White "Sullivan, Brian"]
[Black "Diemecke, Pablo"]
[Result "0-1"]
[ECO "D40"]
[WhiteElo "1464"]
[BlackElo "1586"]
[PlyCount "202"]
[EventDate "2020.06.12"]
[EventType "swiss"]
[EventRounds "5"]
[EventCountry "CAN"]
[TimeControl "5400+30"]

1. d4 d5 2. c4 e6 3. Nf3 Nf6 4. Nc3 c5 5. e3 Nc6 6. a3 a5 7. Be2 Be7 8. O-O O-O
9. b3 b6 10. Bb2 Bb7 11. Nb5 cxd4 12. exd4 Ne4 13. Rc1 Nd6 14. c5 Ne4 15. cxb6
Qxb6 16. Ne5 Nxe5 17. dxe5 Bc5 18. Bd4 Bxd4 19. Qxd4 Qxd4 20. Nxd4 Rac8 21. Bd3
Nc5 22. Bb1 Ba6 23. Rfd1 g6 24. h3 Kg7 25. f3 Rfe8 26. Rc3 Nd7 27. Rxc8 Rxc8
28. f4 Rc3 29. Kf2 h5 30. Rd2 g5 31. fxg5 Nxe5 32. Rc2 Rd3 33. Nxe6+ Kh8 34.
Nc5 Rd1 35. Nxa6 Rxb1 36. Nc5 Ra1 37. a4 Rb1 38. Ke3 Nc6 39. Kf2 Nb4 40. Rc3
Kh7 41. Kg3 Kg6 42. h4 d4 43. Rf3 Rc1 44. Nd7 Nc6 45. Rf6+ Kg7 46. Kf4 Nb4 47.
Ne5 Rf1+ 48. Nf3 d3 49. Ke5 Rf2 50. g4 d2 51. Nxd2 Rxd2 52. gxh5 Rh2 53. h6+
Kg8 54. h7+ Kxh7 55. Rxf7+ Kg8 56. Rc7 Rxh4 57. Rc4 Rh3 58. Kf6 Nd5+ 59. Kg6
Kf8 60. Rc8+ Ke7 61. Rb8 Nf4+ 62. Kf5 Nd5 63. Rb7+ Kd6 64. Kg6 Rg3 65. Rb5 Nf4+
66. Kf5 Nd5 67. g6 Ne7+ 68. Kf4 Rxg6 69. Rxa5 Re6 70. Ra6+ Nc6 71. b4 Kd5 72.
b5 Re4+ 73. Kf5 Nd4+ 74. Kf6 Kc5 75. Ra8 Kb6 76. Kf7 Kb7 77. Re8 Rf4+ 78. Ke7
Nb3 79. Kd6 Rxa4 80. b6 Nd2 81. Kc5 Ra5+ 82. Kb4 Rg5 83. Rd8 Ne4 84. Re8 Nf6
85. Re6 Nd5+ 86. Kc5 Nxb6+ 87. Kd6 Rd5+ 88. Ke7 Nc8+ 89. Kf6 Kc7 90. Re5 Rd1
91. Ke6 Rd6+ 92. Kf5 Kd7 93. Ke4 Ne7 94. Ra5 Rd1 95. Ra3 Rh1 96. Rf3 Ke6 97.
Rc3 Rh4+ 98. Kd3 Nd5 99. Rc4 Rh3+ 100. Kd4 Kd6 101. Rc2 Rh4+ 0-1

[Event "British Columbia-ch Seniors"]
[Site "chess.com"]
[Date "2020.06.14"]
[Round "4.13"]
[White "Pangilinan, Emmanuel"]
[Black "Monkhouse, Neale"]
[Result "1/2-1/2"]
[ECO "B23"]
[WhiteElo "1601"]
[BlackElo "1710"]
[PlyCount "104"]
[EventDate "2020.06.12"]
[EventType "swiss"]
[EventRounds "5"]
[EventCountry "CAN"]
[TimeControl "5400+30"]

1. e4 c5 2. f4 Nc6 3. Nc3 g6 4. Bc4 a6 5. a3 Bg7 6. Nf3 e6 7. Ba2 Nge7 8. d3 d5
9. e5 b5 10. Ne2 Bb7 11. Ng3 Qc7 12. c3 O-O 13. d4 cxd4 14. cxd4 Rac8 15. Bd2
Qb6 16. Be3 b4 17. Bb1 a5 18. Bd3 Rc7 19. h4 h5 20. Ng5 Rfc8 21. O-O Ba6 22.
Bxa6 Qxa6 23. Rc1 Nd8 24. Qd2 Rxc1 25. Rxc1 Rxc1+ 26. Qxc1 Qc6 27. axb4 Qxc1+
28. Bxc1 axb4 29. b3 Nec6 30. Nf3 Nb7 31. Bb2 Na7 32. Ne2 Bf8 33. Kf1 Na5 34.
Nd2 Nb5 35. Ke1 Kg7 36. Kd1 f6 37. Kc2 fxe5 38. dxe5 Kf7 39. Kd3 Bc5 40. Bd4
Be7 41. g3 Nc6 42. Bb6 Ke8 43. Nf3 Kd7 44. Ned4 Nbxd4 45. Nxd4 Nxd4 46. Bxd4
Kc6 47. Bf2 Kb5 48. Be1 Bc5 49. Ke2 Bd4 50. Kd3 Bc5 51. Ke2 Bd4 52. Kd3 Bc5
1/2-1/2

[Event "Carnaval"]
[Site "Quebec CAN"]
[Date "2020.02.15"]
[Round "3"]
[White "Tanaka, Tyler"]
[Black "Chabot, Roland"]
[Result "1/2-1/2"]
[ECO "B33"]
[WhiteElo "2298"]
[BlackElo "2174"]
[PlyCount "64"]
[EventDate "2020.02.14"]
[EventType "swiss"]
[EventRounds "5"]
[EventCountry "CAN"]
[TimeControl "240+2"]

1. e4 c5 2. Nf3 Nc6 3. Nc3 Nf6 4. d4 cxd4 5. Nxd4 e5 6. Ndb5 d6 7. Bg5 a6 8.
Na3 b5 9. Nd5 Be7 10. Bxf6 Bxf6 11. c3 O-O 12. Nc2 Rb8 13. Be2 Bg5 14. O-O g6
15. Ncb4 Nxb4 16. Nxb4 Bb7 17. Bf3 a5 18. Nd5 Qd7 19. Qd2 Bd8 20. Rfd1 f5 21.
Qc2 Kh8 22. Rd3 Bc6 23. Rad1 Qb7 24. Qd2 f4 25. Rc1 Qa7 26. Qc2 Bd7 27. Rdd1
Rc8 28. Qe2 Bh4 29. Rc2 Rb8 30. Rdc1 Rbc8 31. Kf1 Rb8 32. Kg1 Rbc8 1/2-1/2

[Event "Carnaval"]
[Site "Quebec CAN"]
[Date "2020.02.16"]
[Round "5"]
[White "Hirschberg, Valerian"]
[Black "Huang, Qiuyu"]
[Result "1/2-1/2"]
[ECO "A13"]
[WhiteElo "2284"]
[BlackElo "2193"]
[Annotator "Boutin,Jean-Roger"]
[PlyCount "57"]
[EventDate "2020.02.14"]
[EventType "swiss"]
[EventRounds "5"]
[EventCountry "CAN"]
[TimeControl "240+2"]

{580MB, Fritz12.ctg, DESKTOP-I2BFU9F} 1. Nf3 d5 2. g3 Nf6 3.
Bg2 e6 4. O-O c5 5. c4 d4 6. e3 Nc6 7. exd4 cxd4 8. d3 Be7 9. Na3 O-O 10. Re1
Nd7 11. Nc2 e5 12. a3 a5 13. b3 Re8 14. Rb1 Bd6 15. b4 axb4 16. axb4 Nf6 17. b5
Nb8 18. Bg5 Nbd7 19. Nb4 Ra3 20. Nd5 h6 21. Nxf6+ Nxf6 22. Bc1 Ra7 23. Qc2 b6
24. Bb2 Bb7 25. Ra1 Rxa1 26. Rxa1 Qb8 27. Nh4 Bxg2 28. Nxg2 Nd7 29. Ne1 1/2-1/2